 Dungeon Crawl Stone Soup version 0.23-a0-87-g5f73bc1 (webtiles) character file.

66 digijack the Sneak (level 4, -9/30 HPs)
             Began as an Octopode Assassin on Aug 14, 2018.
             Mangled by a scorpion (10 damage)
             ... on level 2 of the Dungeon.
             The game lasted 00:07:00 (1632 turns).

digijack the Sneak (Octopode Assassin)              Turns: 1632, Time: 00:07:00

Health: -9/30      AC:  1    Str: 10    XL:     4   Next: 15%
Magic:  4/4        EV: 13    Int: 13    God:
Gold:   150        SH:  0    Dex: 14    Spells: 3/3 levels left

rFire    . . .     SeeInvis .   a - +2 dagger
rCold    . . .     Gourm    .   (no shield)
rNeg     . . .     Faith    .   (helmet restricted)
rPois    .         Spirit   .   (no amulet)
rElec    .         Reflect  .   (no ring)
rCorr    .         Harm     .   (no ring)
MR       .....                  (no ring)
Stlth    ++++......             (no ring)
HPRegen  0.10/turn              (no ring)
MPRegen  0.09/turn              (no ring)
                                (no ring)
                                (no ring)

@: lethally poisoned (-9 -> -16)
A: almost no armour, stealthy swim, amphibious, 8 rings, constrict 8, camouflage
1, gelatinous body 1
a: no special abilities


You were on level 2 of the Dungeon.
You were not hungry.

You visited 1 branch of the dungeon, and saw 2 of its levels.

You collected 150 gold pieces.

Inventory:

Hand Weapons
 a - a +2 dagger (weapon)
Missiles
 c - 114 stones (quivered)
Scrolls
 g - a scroll of blinking
 h - a scroll of magic mapping
Comestibles
 b - 6 chunks of flesh
 f - 4 rations


   Skills:
 + Level 2.5 Fighting
 + Level 2.5 Short Blades
 - Level 2.0 Throwing
 + Level 1.8 Dodging
 * Level 6.4 Stealth


You had 3 spell levels left.
You didn't know any spells.
Your spell library was empty.

Dungeon Overview and Level Annotations

Branches:
Dungeon (2/15)

Altars:


Innate Abilities, Weirdness & Mutations

You cannot wear most types of armour.
You are very stealthy in the water. (Stealth+)
You are amphibious.
You can wear up to eight rings at the same time.
You can use your tentacles to constrict eight enemies at once.
Your skin changes colour to match your surroundings (Stealth+).
Your rubbery body absorbs attacks. (AC +1, EV +1)


Message History

* * * LOW HITPOINT WARNING * * *
You are lethally poisoned!
The scorpion poisons you!
You feel magically purged.
You constrict the scorpion, but do no damage.
* * * LOW HITPOINT WARNING * * *
You feel sick. The scorpion barely misses you.
You release your grip on the scorpion.
* * * LOW HITPOINT WARNING * * *
You feel sick.
* * * LOW HITPOINT WARNING * * *
You feel sick. The scorpion barely misses you.
* * * LOW HITPOINT WARNING * * *
You feel sick.
You feel magically purged.
* * * LOW HITPOINT WARNING * * *
You feel sick. The scorpion closely misses you.
* * * LOW HITPOINT WARNING * * *
You feel sick. The scorpion stings you!
You die...

#........#***
#>.......,,,***
#.......,**,,,*
#.....#****+++**
######.....# **,,,,,*
##..........#**,⌠,*,⌠,
#........†..#*,*,*,*,*
#...###.....#*,,*,⌠,*,
#....@#.##..#*,*,*,*,*
#.....s.##.##**,⌠,*,⌠,
###....###.#**,*,*,*,*
#....###.##,⌠,*,⌠,*,
####.<.......#*,*,*,*,*
#............#,*,⌠,*,⌠,
##.##...###...#*,*,*,*,*
##..######
##..#,⌠,*,,,*,
#######..##
####*,*,⌠,⌠,*


You could see a scorpion.

Vanquished Creatures
  An ooze (D:2)
  A worm (D:2)
  A dart slug (D:1)
  3 leopard geckos
  A bat (D:1)
  2 giant cockroaches (D:2)
  7 goblins
  8 hobgoblins
  10 jackals
  3 kobolds
  5 frilled lizards
  5 rats
47 creatures vanquished.

Notes
Turn   | Place    | Note
-------+----------+-------------------------------------------
     0 | D:1      | digijack the Octopode Assassin began the quest for the Orb.
     0 | D:1      | Reached XP level 1. HP: 14/14 MP: 1/1
   249 | D:1      | Reached XP level 2. HP: 19/19 MP: 2/2
   721 | D:1      | Reached skill level 6 in Stealth
   721 | D:1      | Reached XP level 3. HP: 22/24 MP: 3/3
  1538 | D:2      | Reached XP level 4. HP: 25/30 MP: 4/4
  1631 | D:2      | HP: 1/30 [poisoned by a scorpion]
  1632 | D:2      | Mangled by a scorpion

Vault maps used:
D:1:      dpeg_arrival_refuge
D:2:      kennysheep_vampire_church

Skill      XL: |  1  2 |
---------------+-------+-----
Stealth        | 6 |  6.4
Fighting       | |  2.5
Short Blades   | |  2.5
Throwing       | |  2.0
Dodging        | |  1.8

Action                   |  1- 3 |  4- 6 || total
-------------------------+-------+-------++-------
Melee: Dagger            |    82 |    16 ||    98
       Constrict         |    20 |     4 ||    24
       Tentacles         |    17 |     3 ||    20
  Use: Potion            |     8 |     2 ||    10
       Scroll            |       |     3 ||     3
 Stab: Sleeping          |     9 |     2 ||    11
  Eat: Chunk             |     2 |       ||     2
Armor: Skin              |     3 |     1 ||     4
Dodge: Dodged            |    41 |     9 ||    50

Table legend:
 A = Non-vault XP
 B = Vault XP
 C = Vault XP percentage of total XP
 D = Non-vault monster count
 E = Vault monster count
 F = Vault count percentage of total count
 G = Total turns spent on level
                 A         B        C        D         E       F
            +---------+---------+-------+---------+---------+-------
      Total |      95 |       0 |   0.0 |      47 |       0 |   0.0
            +---------+---------+-------+---------+---------+-------
        D:1 |      47 |       0 |   0.0 |      24 |       0 |   0.0
        D:2 |      48 |       0 |   0.0 |      23 |       0 |   0.0
            +---------+---------+-------+---------+---------+-------
